 Dungeon Crawl Stone Soup version 0.20.1-1-g8b1a95d (webtiles) character file.

96 Internecine the Skirmisher (level 4, 0/35 HPs)
             Began as a Demonspawn Fighter on Sept 29, 2017.
             Killed from afar by a dart slug (5 damage)
             ... with a slug dart
             ... on level 3 of the Dungeon.
             The game lasted 00:12:54 (1742 turns).

Internecine the Skirmisher (Demonspawn Fighter)     Turns: 1742, Time: 00:12:54

Health: 0/35       AC:  7    Str: 16    XL:     4   Next: 41%
Magic:  4/4        EV:  7    Int: 10    God:
Gold:   73         SH:  9    Dex: 13    Spells: 3/3 levels left

rFire    + . .     SeeInvis .   a - +0 long sword
rCold    x . .     Gourm    .   c - +0 shield
rNeg     . . .     Faith    .   b - +0 scale mail
rPois    .         Spirit   .   E - +1 hat
rElec    .         Reflect  .   (no cloak)
rCorr    .         Harm     .   (no gloves)
MR       .....                  (no boots)
Stlth    ..........             t - amulet of regeneration
Regen    0.6/turn               s - ring of fire
MPRegen  0.1/turn               (no ring)

@: no status effects
A: demonic guardian 1, spiny 1
a: no special abilities


You were on level 3 of the Dungeon.
You were hungry.

You visited 1 branch of the dungeon, and saw 3 of its levels.

You collected 73 gold pieces.

Inventory:

Hand Weapons
 a - a +0 long sword (weapon)
Missiles
 e - 18 bolts
 j - 56 stones (quivered)
 n - 23 arrows
 v - 9 sling bullets
Armour
 b - a +0 scale mail (worn)
 c - a +0 shield (worn)
 E - a +1 hat (worn)
Jewellery
 s - a ring of fire (left hand)
 t - an amulet of regeneration (around neck)
Wands
 y - a wand of digging (17/24)
Scrolls
 p - 2 scrolls of enchant weapon {unknown}
 r - a scroll of remove curse {unknown}
 u - a scroll of teleportation {unknown}
 w - 2 scrolls of magic mapping {unknown}
 x - 3 scrolls of fear {unknown}
 A - a scroll of identify {unknown}
 D - 2 scrolls of amnesia {unknown}
Potions
 d - a potion of might
 i - a potion of resistance {unknown}
 m - 2 potions of brilliance {unknown}
 q - a potion of curing {unknown}
 z - a potion of haste {unknown}
 C - a potion of cancellation {unknown}
Comestibles
 f - 2 bread rations
 g - a royal jelly
 h - a chunk of flesh
 k - 4 meat rations


   Skills:
 + Level 3.5 Fighting
 + Level 2.6 Long Blades
 + Level 3.4 Armour
 + Level 0.1 Dodging
 + Level 3.1 Shields


You had 3 spell levels left.
You didn't know any spells.

Dungeon Overview and Level Annotations

Branches:
Dungeon (3/15)

Altars:
Makhleb
Sif Muna


Innate Abilities, Weirdness & Mutations

A weak demonic guardian rushes to your aid.
You are partially covered in sharp spines.


Message History

* * * LOW HITPOINT WARNING * * *
You hit the orc priest.
The orc priest is almost dead.
The orc is struck by your spines. The orc barely misses you.
You riposte.
You barely miss the orc.
The orc is heavily wounded.
You block the orc priest's attack.
You hit the orc priest.
You kill the orc priest!
You have reached level 4!
You feel clever.
Your demonic ancestry asserts itself...
You feel the presence of a demonic guardian.
The orc is struck by your spines.
You kill the orc!
The dart slug launches a dart at you. The slug dart misses you.
Your shield and scale mail prevent you from hitting the dart slug.
The dart slug launches a dart at you. The slug dart hits you!
You die...

..( #.### #. #>... ..
....# #. #(#.# #. #.#.#
#. #.#.# #+######.
##.##.#)#######........
#....w@...............<
#..##.).........#####.#
#w #.#.#######.# #.# ..
....... ..# #.# ##
..##...... .... ... #.
#....#####..... #.# #
##.#.# #...... #.#
#.#.# #.......#+#


You could see a dart slug.

Vanquished Creatures
  An orc priest (D:3)
  An adder (D:1)
  3 worms (D:2)
  A leopard gecko (D:1)
  4 orcs (D:3)
  6 giant cockroaches
  2 goblins (D:2)
  4 hobgoblins
  4 kobolds
  9 bats
  A frilled lizard (D:1)
  8 rats
44 creatures vanquished.

Vanquished Creatures (others)
  A bat (D:3)
1 creature vanquished.

Grand Total: 45 creatures vanquished

Notes
Turn   | Place    | Note
-------+----------+-------------------------------------------
     0 | D:1      | Internecine the Demonspawn Fighter began the quest for the Orb.
     0 | D:1      | Reached XP level 1. HP: 18/18 MP: 1/1
   184 | D:1      | Gained mutation: You are partially covered in sharp spines. [demonic ancestry]
   184 | D:1      | Reached XP level 2. HP: 22/24 MP: 2/2
   838 | D:1      | Reached XP level 3. HP: 27/29 MP: 3/3
  1017 | D:2      | Found a deep blue altar of Sif Muna.
  1609 | D:2      | Found a burning altar of Makhleb.
  1740 | D:3      | Gained mutation: A weak demonic guardian rushes to your aid. [demonic ancestry]
  1740 | D:3      | Reached XP level 4. HP: 3/35 MP: 4/4
  1742 | D:3      | Killed from afar by a dart slug

Skill      XL: |  1  2  3 |
---------------+----------+-----
Armour         | 3 |  3.4
Shields        | 3 |  3.1
Long Blades    | 2 |  2.6
Fighting       | |  3.5
Dodging        | |  0.1

Action                   |  1- 3 |  4- 6 || total
-------------------------+-------+-------++-------
Melee: Long sword        |   145 |     1 ||   146
Throw: Stone             |     5 |       ||     5
  Eat: Chunk             |     2 |       ||     2
Armor: Scale mail        |    67 |       ||    67
Dodge: Dodged            |    30 |     1 ||    31
Block: Shield            |    77 |       ||    77
       Rpst.: Long sword |    13 |       ||    13
